 Dungeon Crawl Stone Soup version 0.28.0-53-g5a82cb258f (webtiles) character file.

Game seed: 4307951591117002766

195 oldmanjim the Changer (level 5, -2/40 HPs)
             Began as a Draconian Transmuter on Aug 12, 2022.
             Was an Initiate of Okawaru.
             Slain by a gnoll
             ... wielding a +0 spear
              (5 damage)
             ... on level 4 of the Dungeon on Aug 13, 2022.
             The game lasted 00:22:45 (4551 turns).

oldmanjim the Changer (Draconian Transmuter)        Turns: 4551, Time: 00:22:46

Health: -2/40      AC:  6    Str: 12    XL:     5   Next: 45%
Magic:  9/9        EV: 16    Int: 15    God:    Okawaru [......]
Gold:   133        SH:  0    Dex: 12    Spells: 6/10 levels left

rFire   . . .      SeeInvis .   b - +0 hunting sling
rCold   . . .      Faith    .   (no shield)
rNeg    . . .      Spirit   .   (armour unavailable)
rPois   .          Reflect  .   (helmet restricted)
rElec   .          Harm     .   (no cloak)
rCorr   .          Rampage  .   (no gloves)
Will    .....                   m - +0 pair of boots
Stlth   +.........              (no amulet)
HPRegen 0.13/turn               t - +4 ring of evasion
MPRegen 0.11/turn               (no ring)

@: no status effects
A: AC +5, unfitting armour, cold-blooded
a: Renounce Religion


You were on level 4 of the Dungeon.
You worshipped Okawaru.
Okawaru was noncommittal.
You visited 2 branches of the dungeon, and saw 5 of its levels.

You collected 133 gold pieces.

Inventory:

Hand Weapons
 b - a +0 hunting sling (weapon)
Missiles
 c - 67 arrows
 e - 173 stones (quivered ammo)
 k - 11 sling bullets
 l - 10 boomerangs
 p - 8 poisoned darts
Armour
 m - a +0 pair of boots (worn)
Jewellery
 t - a +4 ring of evasion (left hand)
Wands
 o - a wand of acid (5)
 u - a wand of polymorph (10)
Scrolls
 d - a scroll of amnesia {unknown}
 f - 2 scrolls of enchant armour {unknown}
 g - 5 scrolls of immolation {unknown}
 h - a scroll of identify {unknown}
 j - a scroll of teleportation {unknown}
 n - a scroll of blinking {unknown}
Potions
 a - a potion of berserk rage {unknown}
 i - 2 potions of lignification {unknown}
 q - a potion of brilliance {unknown}
 r - a potion of heal wounds {unknown}
 s - a potion of attraction {unknown}


   Skills:
 + Level 1.2 Fighting
 - Level 1.7 Dodging
 + Level 3.0 Unarmed Combat
 - Level 3.0 Spellcasting
 - Level 4.0 Transmutations
 + Level 2.9 Poison Magic


You had 6 spell levels left.
You knew the following spells:

 Your Spells              Type           Power      Damage    Failure   Level
a - Beastly Appendage     Tmut           28%        N/A       3%          1
b - Spider Form           Tmut/Pois      12%        N/A       14%         3

Your spell library contained the following spells:

 Spells                   Type           Power      Damage    Failure   Level
 Wereblood                Tmut           14%        N/A       6%          2
 Freeze                   Ice            8%         1d3       21%         1
 Blink                    Tloc           4%         N/A       30%         2
 Frozen Ramparts          Ice            4%         1d2       52%         3
 Lesser Beckoning         Tloc           2%         N/A       52%         3
 Ice Form                 Ice/Tmut       8%         N/A       65%         4
 Hailstorm                Conj/Ice       2%         3d3       89%         4
 Manifold Assault         Tloc           2%         N/A       99%         5


Dungeon Overview and Level Annotations

Branches:
Dungeon (4/15)             Temple (1/1) D:4

Altars:
Ashenzari
Elyvilon
Fedhas
Gozag
Hepliaklqana
Makhleb
Nemelex Xobeh
Okawaru
Qazlal
Ru
Uskayaw
Vehumet
Wu Jian
Xom
Yredelemnul

Shops:
D:3 (


Innate Abilities, Weirdness & Mutations

Your plain brown scales are hard. (AC +5)
You cannot fit into any form of body armour.
You are cold-blooded and may be slowed by cold attacks.


Message History

The gnoll shouts!
You hit the gnoll sergeant.
The gnoll sergeant is poisoned.
The gnoll sergeant is lightly wounded.
The gnoll sergeant hits you with a +0 vorpal spear!
Your transformation is almost over.
The gnoll sergeant completely misses you.
The gnoll sergeant closely misses you.
The gnoll sergeant hits you with a +0 vorpal spear!
The gnoll misses you.
You barely miss the gnoll sergeant.
The gnoll sergeant is lightly wounded.
The gnoll sergeant misses you. The gnoll closely misses you.
You hit the gnoll sergeant but do no damage.
The gnoll sergeant is lightly wounded.
The gnoll sergeant misses you.
The gnoll hits you from afar with a +0 spear. x2
The gnoll sergeant closely misses you.
Your transformation has ended.
Your +0 hunting sling unmelds from your body.
Your +0 pair of boots unmelds from your body.
The gnoll sergeant looks more healthy.
The gnoll sergeant closely misses you. The gnoll hits you but does no damage.
The gnoll closely misses you.
The gnoll sergeant hits you from afar with a +0 vorpal spear.
* * * LOW HITPOINT WARNING * * *
x2 The gnoll closely misses you.
The gnoll sergeant misses you.
The gnoll hits you from afar with a +0 spear.
* * * LOW HITPOINT WARNING * * *
The gnoll misses you.
The gnoll sergeant hits you from afar with a +0 vorpal spear.
* * * LOW HITPOINT WARNING * * *
x2 The gnoll barely misses you.
The gnoll completely misses you. The gnoll closely misses you.
Why would you want to do that? Why would you want to do that?
Why would you want to do that?
The gnoll hits you from afar with a +0 spear.
You die...

#.......'.....# *,,
#.......#.....# *,,
#.......#.....# *,,
#.......#.....# *,,
#.......#.....# *),
#.......#g.g..# *,,
#########gg...#######****,,
*,,,,,,,#.......).g.#,,,*,,
*,,,,,,,#.@.........'.,,*,,
*,......≈≈≈≈≈≈≈≈≈...#.,,*,,
*,......≈##≈≈≈##≈...#,,,',,
**#####'≈*#####*≈...#,,,*,,
*,,,,...≈≈*,,,*≈≈...#,,,*,,
*,,,....≈≈*,,,*≈≈####,,,*,,
*,,.....≈≈*,,,*≈≈* *,,,*,,
*,,.....≈***'***≈* *,,,*,,
*,,,,,,,≈**≈)≈**≈* *,,,',,


You could see a gnoll sergeant and 3 gnolls.

Vanquished Creatures
  A hound (D:4)
  An iguana (D:3)
  An orc wizard (D:4)
  A gnoll (D:4)
  2 adders
  A dart slug (D:3)
  3 orcs (D:4)
  5 ball pythons
  8 endoplasms
  4 giant cockroaches
  6 goblins
  7 hobgoblins
  12 jackals
  5 quokkas
  2 bats (D:2)
  2 frilled lizards (D:1)
  7 kobolds
  4 rats
72 creatures vanquished.

Notes
Turn   | Place    | Note
-------+----------+-------------------------------------------
     0 | D:1      | oldmanjim the Draconian Transmuter began the quest for the
                  | Orb.
     0 | D:1      | Reached XP level 1. HP: 16/16 MP: 3/3
   312 | D:1      | Found a faded altar of an unknown god.
   324 | D:1      | Reached XP level 2. HP: 20/23 MP: 3/5
   399 | D:1      | Prayed at the altar of an unknown god.
   399 | D:1      | Became a worshipper of Ru the Awakened
  1330 | D:2      | Reached XP level 3. HP: 28/28 MP: 7/7
  1334 | D:2      | Learned a level 3 spell: Spider Form
  1734 | D:2      | Reached skill level 3 in Transmutations
  2260 | D:3      | Reached skill level 1 in Poison Magic
  2261 | D:3      | Reached XP level 4. HP: 19/35 MP: 8/8
  2440 | D:3      | Found Dyguwost's Weapon Shoppe.
  3402 | D:4      | Reached XP level 5. HP: 39/40 MP: 7/9
  3505 | D:4      | Found a staircase to the Ecumenical Temple.
  3514 | Temple   | Entered the Ecumenical Temple
  3562 | Temple   | Fell from the grace of Ru
  3562 | Temple   | Became a worshipper of Warmaster Okawaru
  3822 | D:4      | Reached skill level 4 in Transmutations
  4547 | D:4      | HP: 2/40 [gnoll sergeant/+0 vorpal spear (1)]
  4551 | D:4      | Slain by a gnoll

Illustrated notes

Levels and vault maps discovered:
D:1:      dpeg_arrival_ternary, layout_loops_cross,
          hellmonk_ecumenical_altar_dog_temple, minmay_tetromino_o4
D:2:      layout_loops_cross, minmay_misc_feat_room
D:3:      layout_loops_cross, serial_shops, shop_statue
D:4:      layout_gridville, minmay_temple_entry_mini_moons, lightli_minifort
Temple:   eino_wide_crystal_templ

Skill      XL: |  1  2  3  4  5 |
---------------+----------------+-----
Spellcasting   | 3 |  3.0
Transmutations | 3 4 |  4.0
Poison Magic   | 1 2 |  2.9
Fighting       | |  1.2
Dodging        | |  1.7
Unarmed Combat | |  3.0

Action                   |  1- 3 |  4- 6 || total
-------------------------+-------+-------++-------
Melee: Unarmed           |    92 |    65 ||   157
       Kick              |    17 |    15 ||    32
       Headbutt          |    10 |     6 ||    16
       Tailslap          |     6 |     3 ||     9
       Punch             |     3 |     2 ||     5
 Fire: Hunting sling     |    46 |    41 ||    87
 Cast: Beastly Appendage |    22 |     9 ||    31
       Spider Form       |       |     3 ||     3
Invok: Reject Sacrifices |       |     1 ||     1
Armor: Skin              |    34 |    18 ||    52
Dodge: Dodged            |    64 |    71 ||   135
